 Dungeon Crawl Stone Soup version 0.17-a0-1562-g9b2c768 (console) character file.

633 hyperkellhus the Poker (level 7, -2/55 HPs)
             Began as a Centaur Warper on July 19, 2015.
             Was a Believer of the Shining One.
             Slain by a wight
             ... wielding a +0 long sword
              (8 damage)
             ... on level 5 of the Dungeon on July 20, 2015.
             The game lasted 00:07:21 (4147 turns).

hyperkellhus the Poker (Centaur Warper)             Turns: 4147, Time: 00:07:22

Health: -2/55      AC:  7    Str: 13    XL:     7   Next: 24%
Magic:  9/9        EV:  4    Int: 14    God:    the Shining One [**....]
Gold:   201        SH:  0    Dex: 11    Spells: 1 memorised, 8 levels left

rFire  . . .     SeeInvis .     a - +4 spear
rCold  . . .     Clarity  .     E - +2 robe {MR+}
rNeg   + . .     SustAt   .     (no shield)
rPois  .         Gourm    .     (no helmet)
rElec  .         Spirit   .     (no cloak)
rCorr  .         Warding  .     H - +0 pair of gloves
rMut   .         Stasis   .     (no barding)
MR     +....                    (no amulet)
Stlth  +.........               (no ring)
                                p - +2 ring of intelligence

@: glowing, drained, very quick, somewhat resistant to hostile enchantments,
very unstealthy
A: hooves 3, deformed body, speed 2, tough skin 3
a: Divine Shield, Renounce Religion


You were on level 5 of the Dungeon.
You worshipped the Shining One.
The Shining One was pleased with you.
You were not hungry.

You visited 1 branch of the dungeon, and saw 5 of its levels.

You collected 201 gold pieces.

Inventory:

Hand weapons
 a - a +4 spear (weapon)
 t - a +0 spear
 v - a +0 trident
 D - a cursed -3 halberd
Missiles
 e - 5 tomahawks of dispersal (quivered)
 l - 2 exploding tomahawks
 F - a throwing net
Armour
 b - a +0 leather armour
 E - a +2 robe of magic resistance (worn)
 H - a +0 pair of gloves (worn)
 I - a +0 cloak
Jewellery
 p - a +2 ring of intelligence (left hand)
Magical devices
 A - a wand of paralysis (12)
Scrolls
 d - 3 scrolls of blinking
 j - 7 scrolls of identify {unknown}
 o - a scroll of magic mapping {unknown}
 s - a scroll of recharging {unknown}
 u - 2 scrolls of enchant armour {unknown}
 x - 2 scrolls of teleportation {unknown}
 y - a scroll of random uselessness {unknown}
Potions
 h - 3 potions of curing {unknown}
 i - a potion of might {unknown}
 n - 2 potions of lignification {unknown}
 q - a potion of cure mutation {unknown}
 r - a potion of heal wounds {unknown}
 z - 2 potions of agility {unknown}
 C - a potion of poison {unknown}
Books
 c - a book of Spatial Translocations

   Spells                             Type                      Level
   a - Apportation                    Translocation                1
   b - Blink                          Translocation                2
   c - Shroud of Golubria             Charms/Translocation         2
   d - Portal Projectile              Translocation                3
   e - Teleport Other                 Translocation                3
   f - Passage of Golubria            Translocation                4
Comestibles
 f - 3 bread rations
 g - 2 beef jerkies
 k - 2 slices of pizza
 m - a meat ration
 G - 7 chunks of flesh


   Skills:
 - Level 2.0(1.4) Fighting
 + Level 7.4(6.7) Polearms
 - Level 1.3(0.8) Throwing
 - Level 0.6(0.0) Armour
 - Level 1.3(0.8) Dodging
 - Level 1.5(0.9) Spellcasting
 - Level 2.6(2.1) Translocations


You had 8 spell levels left.
You knew the following spells:

 Your Spells              Type           Power        Failure   Level  Hunger
A - Apportation           Tloc           #.........   14%         1    ##.....


Dungeon Overview and Level Annotations

Branches:
Dungeon (5/15)
 Temple: D:4-7

Altars:
Dithmenos
Kikubaaqudgha
The Shining One

Annotations:
D:3 xXxSWAGxY0LOxXx's ghost, average TrWz


Innate Abilities, Weirdness & Mutations

You have hooves in place of feet.
Armour fits poorly on your strangely shaped body.
You cover ground very quickly.
You have extremely tough skin (AC +3).


Message History

The wight is severely damaged.
The wight hits you with a long sword! You partially resist.
You feel drained.
You barely miss the wight.
The wight is severely damaged.
The wight hits you with a long sword.
You hit the wight but do no damage. Your kick misses the wight.
The wight is severely damaged.
You hit the wight. You kick the wight, but do no damage.
The wight is almost destroyed.
The wight hits you with a long sword!
* * * LOW HITPOINT WARNING * * *
You hit the wight but do no damage.
The wight is almost destroyed.
You hit the wight but do no damage. You kick the wight, but do no damage.
The wight is almost destroyed.
The wight hits you with a long sword.
* * * LOW HITPOINT WARNING * * *
There is a stone staircase leading up here.
The wight hits you with a long sword!
You die...

.## # #.. .. 8
# #.# ##..
...#.###.#...
..
......#.#.#....
...........>...
###..##.#.#...#
##.##z# [. #
#..@.# ...
#......# ...
#....#.# ..
#....#.# #
..#.## # ...#..
.......
....##..


You could see a wight.

Vanquished Creatures
  2 ogres (D:4)
  Blork the orc (D:4)
  Ijyb (D:2)
  3 orc priests
  Terence (D:2)
  An orc wizard (D:2)
  2 worker ants
  8 gnolls
  A worker ant zombie (D:4)
  An adder (D:3)
  An ooze (D:1)
  A worm (D:3)
  2 giant geckos
  11 orcs
  2 ball pythons
  3 giant cockroaches
  8 goblins
  6 hobgoblins
  7 kobolds
  7 bats
  4 giant newts
  3 jackals (D:4)
  2 quokkas
  A quokka skeleton (D:4)
  8 rats
87 creatures vanquished.

Notes
Turn   | Place    | Note
--------------------------------------------------------------
     0 | D:1      | hyperkellhus the Centaur Warper began the quest for the Orb.
     0 | D:1      | Reached XP level 1. HP: 17/17 MP: 3/3
     0 | D:1      | Upgraded the game from 0.17-a0-1554-g3b847ca to 0.17-a0-1562-g9b2c768
   107 | D:2      | Found a faded altar to an unknown god.
   119 | D:1      | Reached XP level 2. HP: 14/24 MP: 4/4
   487 | D:2      | Reached skill level 3 in Polearms
   495 | D:2      | Became a worshipper of the Shining One
   495 | D:2      | Acquired the Shining One's first power
   747 | D:1      | Reached XP level 3. HP: 26/29 MP: 5/5
   969 | D:2      | Found an ancient bone altar of Kikubaaqudgha.
   977 | D:2      | Noticed Terence
  1069 | D:2      | Killed Terence
  1264 | D:2      | Noticed Ijyb
  1278 | D:2      | Killed Ijyb
  1278 | D:2      | Reached skill level 4 in Polearms
  1278 | D:2      | Reached XP level 4. HP: 32/36 MP: 6/6
  1503 | D:2      | Found a shadowy altar of Dithmenos.
  1668 | D:3      | Noticed xXxSWAGxY0LOxXx's ghost (average TrWz)
  2230 | D:3      | Reached skill level 5 in Polearms
  2230 | D:3      | Reached XP level 5. HP: 38/41 MP: 7/7
  3109 | D:4      | Reached XP level 6. HP: 37/48 MP: 8/8
  3183 | D:4      | Noticed Blork the orc
  3358 | D:3      | Reached skill level 6 in Polearms
  3431 | D:4      | Killed Blork the orc
  3788 | D:4      | Noticed an ogre
  3788 | D:4      | Acquired the Shining One's second power
  3808 | D:4      | Killed an ogre
  3957 | D:4      | Noticed an ogre
  3980 | D:4      | Killed an ogre
  3980 | D:4      | Reached skill level 7 in Polearms
  3980 | D:4      | Reached XP level 7. HP: 55/55 MP: 9/9
  4118 | D:5      | Entered Level 5 of the Dungeon
  4147 | D:5      | Slain by a wight

Vault maps used:
D:1:      dpeg_arrival_chase, serial_glass, glass_columns_a, glass_columns_c,
          due_unseen_surprise
D:2:      kiku_gazebo_garden_becter, ecumenical_altar_1,
          grunt_dithmenos_smoke_and_mirrors, uniq_terence, uniq_iyjb
D:4:      uniq_blork_the_orc
D:5:      lemuel_doored_altar, minmay_temple_entry_junction2,
          serial_corexii_hall, corexii_hall_statues_x, corexii_hall_statues_i,
          first_bread, minmay_misc_feat_encased, minmay_misc_feat_roman,
          sword_in_stone, uniq_crazy_yiuf_cottage, uniq_duvessa, uniq_sigmund,
          uniq_pikel

Action                   |  1- 3 |  4- 6 |  7- 9 || total
-------------------------+-------+-------+-------++-------
Melee: Spear             |   111 |   195 |    36 ||   342
  Eat: Chunk             |       |     8 |       ||     8
